 Dungeon Crawl Stone Soup version 0.24.0-37-gcf1ca852f1 (webtiles) character file.

Game seed: 12478094438895187135, levelgen mode: deterministic

1052 Iamsoldier the Digger (level 8, -4/48 HPs)
             Began as a Gargoyle Earth Elementalist on Dec 2, 2019.
             Was an Initiate of Cheibriados.
             Shot with an arrow by a centaur (13 damage)
             ... on level 5 of the Dungeon.
             The game lasted 00:18:03 (6509 turns).

Iamsoldier the Digger (Gargoyle Earth Elementalist) Turns: 6509, Time: 00:18:04

Health: -4/48      AC:  8    Str: 13    XL:     8   Next: 26%
Magic:  10/14      EV: 13    Int: 19    God:    Cheibriados [......]
Gold:   303        SH:  2    Dex: 15    Spells: 2/15 levels left

rFire    . . .     SeeInvis .   u - +2 whip (venom)
rCold    + . .     Gourm    .   (no shield)
rNeg     + . .     Faith    .   s - +0 leather armour
rPois    ∞         Spirit   .   (no helmet)
rElec    +         Reflect  +   (no cloak)
rCorr    .         Harm     .   (no gloves)
MR       .....                  (no boots)
Stlth    ++........             i - +2 amulet of reflection
HPRegen  0.16/turn              t - ring of protection from cold
MPRegen  0.14/turn              c - +4 ring of dexterity

@: very slow
A: negative energy resistance 1, electricity resistance, unbreathing,
petrification resistance, rot immunity, AC +5
a: Bend Time, Renounce Religion


You were on level 5 of the Dungeon.
You worshipped Cheibriados.
Cheibriados was noncommittal.
You were not hungry.

You visited 2 branches of the dungeon, and saw 6 of its levels.

You collected 303 gold pieces.

Inventory:

Hand Weapons
 m - a +0 flail of crushing
 u - a +2 whip of venom (weapon)
Missiles
 b - 104 stones (quivered)
Armour
 s - a +0 leather armour (worn)
Jewellery
 c - a +4 ring of dexterity (right hand)
 i - a +2 amulet of reflection (around neck)
 t - a ring of protection from cold (left hand)
Scrolls
 a - a scroll of amnesia {unknown}
 e - 2 scrolls of random uselessness
 f - a scroll of fear {unknown}
 h - a scroll of enchant armour {unknown}
 n - a scroll of magic mapping {unknown}
 p - 2 scrolls of identify
 r - a scroll of remove curse
 v - 2 scrolls of teleportation {unknown}
Potions
 g - a potion of resistance {unknown}
 j - a potion of heal wounds
 k - a potion of might {unknown}
 l - 3 potions of curing
 o - 2 potions of mutation {unknown}
 q - 2 potions of berserk rage {unknown}
 w - a potion of lignification {unknown}
Comestibles
 d - 9 rations
 x - 2 chunks of flesh


   Skills:
 + Level 4.2 Fighting
 + Level 3.6 Dodging
 - Level 2.1 Stealth
 + Level 4.2 Spellcasting
 + Level 3.9 Conjurations
 + Level 1.7 Transmutations
 * Level 6.2 Earth Magic


You had 2 spell levels left.
You knew the following spells:

 Your Spells              Type           Power        Failure   Level  Hunger
a - Sandblast             Erth           ####..       1%          1    None
b - Stone Arrow           Conj/Erth      ###...       6%          3    ###....
c - Lee's Rapid Deconstr  Erth           ####......   36%         5    ######.
d - Petrify               Tmut/Erth      ###.....     32%         4    ####...

Your spell library contained the following spells:

 Spells                   Type           Power        Failure   Level  Hunger
 Passwall                 Tmut/Erth      ###.....     4%          2    #......


Dungeon Overview and Level Annotations

Branches:
Dungeon (5/15)             Temple (1/1) D:5

Altars:
Ashenzari
Cheibriados
Dithmenos
Elyvilon
Fedhas
Gozag
Hepliaklqana
Kikubaaqudgha
Makhleb
Nemelex Xobeh
Okawaru
Qazlal
Ru
Sif Muna
Trog
Uskayaw
Wu Jian
Xom
Yredelemnul
Zin
The Shining One


Innate Abilities, Weirdness & Mutations

You are resistant to torment.
Your stone body is resilient. (AC +5)
You are immune to poison.
You resist negative energy. (rN+)
You are resistant to electric shocks. (rElec)
You can survive without breathing.
You are immune to petrification.
You are immune to rotting.


Message History

Aim: a centaur, wielding a +0 shortbow, wearing the +3 robe of Complete Protection {rPois} and carrying a wand of iceblast (7) (heavily wounded)
The blast of sand hits the centaur.
The centaur is severely wounded.
b - 105 stones The centaur zaps a wand.
The mass of ice explodes!
The iceblast engulfs you. You partially resist.
* * * LOW HITPOINT WARNING * * *
The centaur shoots an arrow.
The arrow hits you.
* * * LOW HITPOINT WARNING * * *
You hear a shout! x3
Casting: Sandblast (safe; 1% risk of failure)
Confirm with . or Enter, or press ? or * to list all spells.
Aiming: Sandblast (safe; 1% risk of failure)
Press: ? - help, Shift-Dir - straight line, f/p - centaur
Aim: a centaur, wielding a +0 shortbow, wearing the +3 robe of Complete Protection {rPois} and carrying a wand of iceblast (6) (heavily wounded)
The blast of sand hits the centaur!
The centaur is almost dead.
b - 104 stones The centaur shoots an arrow.
The arrow hits you!
You die...

#########....####
.......#......#..
....c..(......'..
..c....#......#. #########....##
#....# #c...#
################''###############
≈≈≈≈≈≈≈≈≈≈≈≈≈≈.(@..≈≈≈≈≈≈≈≈≈≈≈≈≈≈
≈≈≈≈≈≈≈≈≈≈≈≈≈≈......≈≈≈≈≈≈≈≈≈≈≈≈≈
≈≈≈≈≈≈≈≈≈≈≈≈≈≈≈.....≈≈≈≈≈≈≈≈≈≈≈≈≈
.≈≈≈≈≈≈.≈≈.≈..≈....≈≈≈≈≈≈.....≈.≈
..............(..)...............
..................)..............
............).#####.#######.##...
###.....)...#.#.....)............
..........................#......


You could see a centaur.

Vanquished Creatures
  An orc warrior (D:5)
  An ice beast (D:5)
  2 phantoms
  2 scorpions
  A crimson imp (D:4)
  A bullfrog zombie (D:5)
  2 hounds (D:4)
  An orc priest (D:5)
  An orc wizard (D:5)
  2 gnoll shamans
  5 worker ants
  A hound skeleton (D:4)
  7 gnolls
  2 adders
  2 shadow imps
  An adder skeleton (D:4)
  4 worms (D:2)
  3 leopard geckos
  5 orcs
  5 giant cockroaches
  8 hobgoblins
  6 jackals (D:3)
  5 kobolds
  2 quokkas
  2 ball pythons
  8 bats
  5 frilled lizards
  14 goblins
  A kobold zombie (D:2)
  12 rats
112 creatures vanquished.

Vanquished Creatures (others)
  An adder (D:2)
  2 goblins (D:2)
3 creatures vanquished.

Grand Total: 115 creatures vanquished

Notes
Turn   | Place    | Note
-------+----------+-------------------------------------------
     0 | D:1      | Iamsoldier the Gargoyle Earth Elementalist began the quest
                  | for the Orb.
     0 | D:1      | Reached XP level 1. HP: 10/10 MP: 3/3
   225 | D:1      | Reached XP level 2. HP: 12/16 MP: 3/5
   324 | D:1      | Reached skill level 4 in Earth Magic
  1185 | D:2      | Found a runed translucent door.
  1185 | D:2      | Noticed a human
  1196 | D:2      | Reached skill level 1 in Fighting
  1201 | D:2      | Found a basalt altar of Yredelemnul.
  1221 | D:2      | Reached XP level 3. HP: 20/20 MP: 4/6
  1226 | D:2      | Learned a level 3 spell: Stone Arrow
  2593 | D:3      | Reached XP level 4. HP: 25/25 MP: 5/7
  2696 | D:3      | Reached skill level 1 in Conjurations
  2720 | D:2      | Reached skill level 5 in Earth Magic
  2720 | D:2      | Reached XP level 5. HP: 17/30 MP: 1/8
  2917 | D:3      | Noticed a phantom
  2934 | D:3      | Killed a phantom
  2934 | D:3      | Reached XP level 6. HP: 24/36 MP: 2/10
  3852 | D:4      | Reached XP level 7. HP: 41/41 MP: 8/12
  4320 | D:4      | Learned a level 5 spell: Lee's Rapid Deconstruction
  4325 | D:4      | Learned a level 4 spell: Petrify
  4670 | D:5      | Entered Level 5 of the Dungeon
  4722 | D:5      | Reached skill level 1 in Transmutations
  5330 | D:5      | Reached XP level 8. HP: 21/48 MP: 0/14
  5713 | D:5      | Found a staircase to the Ecumenical Temple.
  5723 | Temple   | Entered the Ecumenical Temple
  5956 | Temple   | Became a worshipper of Cheibriados the Contemplative
  6002 | D:5      | Reached skill level 6 in Earth Magic
  6497 | D:5      | Identified the +3 robe of Complete Protection {rPois}
  6509 | D:5      | Shot with an arrow by a centaur

Levels and vault maps discovered:
D:1:      dpeg_arrival_ratfight, layout_loops_corners
D:2:      layout_rooms, dk_yredelemnul_ordeal
D:3:      layout_basic, kennysheep_generic_room_14
D:4:      layout_rooms, first_ration
D:5:      minmay_goblin_kobold_castle, layout_basic, minmay_temple_entry_grid,
          minmay_small_thing
Temple:   roderic_octagonal_lattice_temple

Skill      XL: |  1  2  3  4  5  6  7  8 |
---------------+-------------------------+-----
Earth Magic    | 4 5 6 |  6.2
Fighting       | 1 2 3 4 |  4.2
Dodging        | 2 3 |  3.6
Conjurations   | 1 2 3 |  3.9
Spellcasting   | 3 4 |  4.2
Transmutations | 1 |  1.7
Stealth        | |  2.1

Action                   |  1- 3 |  4- 6 |  7- 9 || total
-------------------------+-------+-------+-------++-------
Melee: Mace              |    52 |     1 |       ||    53
       Unarmed           |    10 |       |       ||    10
       Whip              |       |    51 |    82 ||   133
Throw: Stone             |     3 |       |       ||     3
 Cast: Sandblast         |    44 |    48 |    32 ||   124
       Stone Arrow       |       |       |    15 ||    15
  Use: Scroll            |       |       |     3 ||     3
       Potion            |       |       |     2 ||     2
  Eat: Chunk             |     6 |     4 |     6 ||    16
       Ration            |       |       |     1 ||     1
Armor: Robe              |    17 |    36 |     4 ||    57
       Leather armour    |       |       |    29 ||    29
Dodge: Dodged            |    42 |    61 |    77 ||   180
Block: Other             |     6 |     4 |     9 ||    19
